 Seeded DCSS version 0.29.1-15-g9cfb28693d (webtiles) character file.

Game seed: 1 (custom seed)

1479 Kazon the Covered (level 8, -1/91 HPs)
             Began as a Barachi Fighter on Apr 4, 2023.
             Succumbed to a water moccasin's poison
             ... on level 5 of the Dungeon.
             The game lasted 00:22:12 (3746 turns).

Kazon the Covered (Barachi Fighter)                 Turns: 3746, Time: 00:22:13

Health: -1/91      AC: 18    Str: 23    XL:     8   Next: 79%
Magic:  8/8        EV: 13    Int: 10    God:
Gold:   367        SH: 10    Dex: 11    Spells: 7/7 levels left

rFire   . . .      SeeInvis .   x - +1 long sword (protect)
rCold   + . .      Faith    .   c - +0 buckler
rNeg    + + .      Spirit   .   H - +3 leather armour {rC+}
rPois   .          Reflect  +   j - +0 helmet
rElec   .          Harm     .   (no cloak)
rCorr   .          Rampage  .   (no gloves)
Will    .....                   k - +2 pair of boots
Stlth   ..........              f - amulet of Xiskoane {Reflect rN+ Str+4 SH+5}
HPRegen 0.25/turn               s - ring of positive energy
MPRegen 0.11/turn               (no ring)

@: berserking, lethally poisoned (-1 -> -11), under a protective aura, quick
A: amphibious, slowness 1, strong legs 1, +LOS
a: Hop


You were on level 5 of the Dungeon.
You visited 1 branch of the dungeon, and saw 5 of its levels.

You collected 367 gold pieces.

Inventory:

Hand Weapons
 e - a +2 dagger of venom
 w - a +1 sling of flaming
 x - a +1 long sword of protection (weapon)
Missiles
 n - 5 boomerangs
 q - a throwing net
 r - 16 stones (quivered)
 F - 2 curare-tipped darts
Armour
 c - a +0 buckler (worn)
 j - a +0 helmet (worn)
 k - a +2 pair of boots (worn)
 H - a +3 leather armour of cold resistance (worn)
Jewellery
 f - the amulet of Xiskoane (around neck) {Reflect rN+ Str+4 SH+5}
   (You acquired it on level 1 of the Dungeon)

   [amulet of reflection]

   It reflects blocked missile attacks.
   Str:       It affects your strength (+4).
   rN:        It protects you from negative energy.
   SH:        It affects your SH (+5).
 s - a ring of positive energy (left hand)
 D - a ring of protection from cold
Wands
 C - a wand of mindburst (20)
 G - a wand of flame (10)
Scrolls
 i - 8 scrolls of identify
 m - 2 scrolls of immolation {unknown}
 p - a scroll of poison {unknown}
 u - a scroll of magic mapping {unknown}
 v - a scroll of fog {unknown}
 y - 2 scrolls of noise {unknown}
 z - a scroll of teleportation {unknown}
 B - a scroll of enchant weapon {unknown}
Potions
 a - a potion of ambrosia
 d - a potion of might
 g - a potion of flight {unknown}
 h - a potion of attraction {unknown}
 o - a potion of haste
 t - 2 potions of lignification {unknown}
 A - a potion of magic {unknown}
 E - a potion of cancellation {unknown}


   Skills:
 + Level 4.7 Fighting
 + Level 4.8(6.3) Short Blades
 + Level 6.8(7.6) Long Blades
 + Level 5.5 Throwing
 + Level 6.9 Armour
 + Level 6.1 Dodging
 + Level 5.3 Stealth
 + Level 6.7 Shields
 * Level 1.4 Evocations


You had 7 spell levels left.
You didn't know any spells.
Your spell library contained the following spells:

 Spells                   Type           Power      Damage    Failure   Level
 Apportation              Tloc           0%         N/A       47%         1
 Necrotise                Necr           0%         1d4       47%         1
 Sting                    Tmut/Pois      0%         1d3       47%         1
 Summon Small Mammal      Summ           0%         N/A       47%         1
 Poisonous Vapours        Pois/Air       0%         N/A       63%         2
 Olgreb's Toxic Radiance  Pois           0%         N/A       99%         4
 Fireball                 Conj/Fire      0%         3d3       100%        5
 Iskenderun's Battlesphe  Conj           0%         2d6       100%        5
 Conjure Ball Lightning   Conj/Air       0%         3x3d6     100%        6
 Orb of Destruction       Conj           0%         9d5       100%        7


Dungeon Overview and Level Annotations

Branches:
Dungeon (5/15)
 Temple: D:4-7

Altars:
Hepliaklqana

Shops:
D:3 (


Innate Abilities, Weirdness & Mutations

You are amphibious.
You cover ground slowly.
You can hop short distances.
You have an extended range of vision and can be seen from far away.


Message History

You are more poisoned.
The water moccasin poisons you!
You barely miss the water moccasin.
The water moccasin is severely wounded.
* * * LOW HITPOINT WARNING * * *
You feel extremely sick.
The water moccasin completely misses you.
Unknown command.
You completely miss the water moccasin.
The water moccasin is severely wounded.
* * * LOW HITPOINT WARNING * * *
You feel extremely sick. The water moccasin bites you.
* * * LOW HITPOINT WARNING * * *
The water moccasin misses you.
A red film seems to cover your vision as you go berserk!
You feel yourself moving faster!
You feel mighty!
* * * LOW HITPOINT WARNING * * *
You feel very sick. The water moccasin closely misses you.
You barely miss the water moccasin.
The water moccasin is severely wounded.
* * * LOW HITPOINT WARNING * * *
You feel very sick.
The water moccasin bites you but does no damage.
You hit the water moccasin.
Your weapon exudes an aura of protection.
The water moccasin is almost dead.
You feel less invigorated.
You feel less confused.
* * * LOW HITPOINT WARNING * * *
You feel very sick. The water moccasin barely misses you.
You slash the water moccasin!
You kill the water moccasin!
* * * LOW HITPOINT WARNING * * *
You feel sick.
Unknown command.
You are too berserk!
You die...

...####.###
#......#
.### #....
#.....## ##
....#
##...##
.....#
##.###
......#
##..#
......##..##
#....##
##..## #
##@##.#
#....#
#[†..#
#....#
.....#
#.....#
...#.##
..###.. .##
..


There were no monsters in sight!

Vanquished Creatures
  Eustachio (D:5)
  Menkaure (D:5)
  A water moccasin (D:5)
  A sky beast (D:5)
  2 centaurs (D:5)
  A necrophage (D:5)
  4 scorpions
  A howler monkey (D:5)
  A hound (D:4)
  An orc priest (D:3)
  3 iguanas
  Robin (D:3)
  6 gnolls
  8 adders
  An ufetubus (D:5)
  3 worms
  6 orcs
  11 endoplasms
  A giant cockroach (D:1)
  16 goblins
  9 hobgoblins
  A jackal (D:4)
  4 kobolds
  A quokka (D:1)
  5 ball pythons
  4 bats
  3 frilled lizards
  6 rats
103 creatures vanquished.

Notes
Turn   | Place    | Note
-------+----------+-------------------------------------------
     0 | D:1      | Kazon the Barachi Fighter began the quest for the Orb.
     0 | D:1      | Reached XP level 1. HP: 18/18 MP: 1/1
    36 | D:1      | Identified a scroll of acquirement
    36 | D:1      | Acquired the amulet of Xiskoane {Reflect rN+ Str+4 SH+5}
   286 | D:1      | Reached XP level 2. HP: 25/25 MP: 2/2
   796 | D:2      | Reached XP level 3. HP: 27/30 MP: 3/3
  1339 | D:2      | Reached XP level 4. HP: 37/37 MP: 4/4
  1470 | D:3      | Found Umat's Antique Weapon Boutique.
  1646 | D:3      | Noticed Robin
  1699 | D:3      | Reached XP level 5. HP: 42/42 MP: 5/5
  1739 | D:3      | Reached skill level 1 in Short Blades
  2114 | D:3      | Killed Robin
  2117 | D:3      | Reached skill level 5 in Throwing
  2117 | D:3      | Reached skill level 5 in Dodging
  2117 | D:3      | Reached skill level 5 in Stealth
  2117 | D:3      | Reached skill level 5 in Shields
  2117 | D:3      | Reached XP level 6. HP: 48/48 MP: 6/6
  2241 | D:4      | Reached XP level 7. HP: 54/54 MP: 7/7
  2464 | D:4      | Found a hazy altar of Hepliaklqana.
  2995 | D:5      | Entered Level 5 of the Dungeon
  3055 | D:5      | Noticed Menkaure
  3069 | D:5      | Killed Menkaure
  3070 | D:5      | Reached XP level 8. HP: 27/61 MP: 8/8
  3570 | D:5      | Noticed Eustachio
  3590 | D:5      | Killed Eustachio
  3591 | D:5      | Reached skill level 1 in Evocations
  3741 | D:5      | HP: 2/61 [water moccasin (5)]
  3746 | D:5      | Succumbed to a water moccasin's poison

Illustrated notes

Levels and vault maps discovered:
D:1:      dpeg_arrival_three_smaller_balls, layout_basic
D:2:      layout_loops_ring
D:3:      layout_basic, serial_shops, nicolae_shop_stone, st_stairs_9,
          minmay_misc_feat_doors, eino_curves_03, uniq_robin
D:4:      minmay_wonky_spiral, layout_basic,
          mainiacjoe_overflow_surrounded_room, minivault_5
D:5:      layout_cave_pods, uniq_menkaure, uniq_eustachio

Skill      XL: |  1  2  3  4  5  6  7  8 |
---------------+-------------------------+-----
Long Blades    | 3 4 6 |  6.8
Armour         | 4 6 |  6.9
Fighting       | 4 |  4.7
Short Blades   | 4 |  4.8
Shields        | 5 6 |  6.7
Throwing       | 5 |  5.5
Dodging        | 5 6 |  6.1
Stealth        | 5 |  5.3
Evocations     | 1 |  1.4

Action                   |  1- 3 |  4- 6 |  7- 9 || total
-------------------------+-------+-------+-------++-------
Melee: Long sword        |    79 |       |    75 ||   154
       Dagger            |     4 |    98 |    98 ||   200
Throw: Stone             |     5 |    20 |    14 ||    39
       Boomerang         |       |     5 |     3 ||     8
 Abil: Hop               |     1 |       |       ||     1
  Use: Scroll            |     1 |       |     1 ||     2
       Potion            |       |     2 |     3 ||     5
 Stab: Sleeping          |       |     1 |     2 ||     3
Armor: Scale mail        |    33 |    33 |    73 ||   139
       Leather armour    |       |       |     4 ||     4
Dodge: Dodged            |    23 |    35 |    90 ||   148
Block: Buckler           |    35 |    38 |   102 ||   175
       Reflection        |     1 |     1 |     4 ||     6
